 Dungeon Crawl Stone Soup version 0.29.1-1-gd02db6906a (webtiles) character file.

Game seed: 6522121011037206602

37 LustLizard the Trooper (level 3, -3/29 HPs)
             Began as a Demonspawn Fighter on Oct 6, 2022.
             Slain by a gnoll
             ... wielding a +1 spear of flaming
              (4 damage)
             ... on level 2 of the Dungeon.
             The game lasted 00:02:16 (1122 turns).

LustLizard the Trooper (Demonspawn Fighter)         Turns: 1122, Time: 00:02:17

Health: -3/29      AC:  8    Str: 16    XL:     3   Next: 21%
Magic:  3/3        EV:  9    Int:  9    God:
Gold:   33         SH:  4    Dex: 14    Spells: 2/2 levels left

rFire   . . .      SeeInvis .   a - +0 long sword
rCold   . . .      Faith    .   c - +0 buckler
rNeg    . . .      Spirit   .   b - +0 scale mail
rPois   +          Reflect  .   l - +2 hat
rElec   .          Harm     .   (no cloak)
rCorr   .          Rampage  .   (no gloves)
Will    .....                   (no boots)
Stlth   ..........              (no amulet)
HPRegen 0.09/turn               g - ring of poison resistance
MPRegen 0.08/turn               (no ring)

@: lethally poisoned (-3 -> -21)
A: claws 1, powered by death 1
a: no special abilities


You were on level 2 of the Dungeon.
You visited 1 branch of the dungeon, and saw 2 of its levels.

You collected 33 gold pieces.

Inventory:

Hand Weapons
 a - a +0 long sword (weapon)
Missiles
 e - 32 stones (quivered)
Armour
 b - a +0 scale mail (worn)
 c - a +0 buckler (worn)
 l - a +2 hat (worn)
Jewellery
 g - a ring of poison resistance (left claw)
Scrolls
 f - a scroll of noise {unknown}
 h - 2 scrolls of fear
 k - a scroll of magic mapping {unknown}
 m - a scroll of summoning {unknown}
Potions
 d - 2 potions of might
 i - a potion of curing {unknown}
 j - a potion of ambrosia {unknown}
 n - a potion of attraction {unknown}


   Skills:
 + Level 3.2 Fighting
 * Level 2.4 Long Blades
 * Level 1.1 Throwing
 - Level 2.6 Armour
 + Level 1.0 Dodging
 - Level 2.6 Shields


You had 2 spell levels left.
You didn't know any spells.
Your spell library was empty.

Dungeon Overview and Level Annotations

Branches:
Dungeon (2/15)

Altars:


Innate Abilities, Weirdness & Mutations

You have sharp fingernails.
You regenerate a little health from kills.


Message History

A ball python comes into view.
The ball python hisses angrily.
A ball python is nearby!
You hit the ball python.
You kill the ball python!
No target in view!
You see here a staff of air. 3 gnolls come into view.
A gnoll is wielding a +1 spear of flaming.
A gnoll is wielding a +2 whip of venom.
The gnoll shouts!
You hit the gnoll but do no damage.
The gnoll hits you with a +2 whip of venom.
The gnoll hits you but does no damage.
You are poisoned.
You hit the gnoll.
The gnoll is heavily wounded.
You feel very sick. The gnoll hits you but does no damage.
You hit the gnoll.
The gnoll is almost dead.
You feel sick.
The gnoll hits you with a +2 whip of venom.
You block the gnoll's attack.
You closely miss the gnoll.
The gnoll is almost dead.
You feel sick.
The gnoll hits you with a +2 whip of venom.
The gnoll barely misses you. You block the gnoll's attack.
The gnoll hits you with a +2 whip of venom.
You closely miss the gnoll.
The gnoll is almost dead.
You feel sick. The gnoll barely misses you. You block the gnoll's attack.
You barely miss the gnoll.
The gnoll is almost dead.
You feel sick.
The gnoll hits you with a +2 whip of venom!
* * * LOW HITPOINT WARNING * * *
You are more poisoned.
The gnoll hits you from afar with a +1 spear of flaming.
You die...

####### #.....###
#.##....####
#..........# ###
#.......##.# #.#
#..†#...##.#
###.###..........#
#..ggg@..|.......# ##
#...####.....##..##.##
#.....##..#...........#
#.....##....>.....#.#.
##..^................
#gg##.##.#...#.#.#.#
......##.#.........#
#.... ...#.....#.###
#### .. #.###.#.#


You could see 3 gnolls.

Vanquished Creatures
  An adder (D:2)
  A dart slug (D:1)
  2 endoplasms (D:1)
  3 giant cockroaches (D:1)
  3 goblins (D:1)
  3 hobgoblins (D:1)
  A kobold (D:1)
  2 quokkas (D:1)
  2 ball pythons
  2 bats (D:1)
  4 frilled lizards (D:1)
24 creatures vanquished.

Notes
Turn   | Place    | Note
-------+----------+-------------------------------------------
     0 | D:1      | LustLizard the Demonspawn Fighter began the quest for the
                  | Orb.
     0 | D:1      | Reached XP level 1. HP: 18/18 MP: 1/1
   426 | D:1      | Gained mutation: You regenerate a little health from kills.
                  | [demonic ancestry]
   426 | D:1      | Reached XP level 2. HP: 11/24 MP: 2/2
   982 | D:1      | Reached skill level 1 in Throwing
  1094 | D:2      | Reached skill level 1 in Dodging
  1094 | D:2      | Gained mutation: You have sharp fingernails. [demonic
                  | ancestry]
  1094 | D:2      | Reached XP level 3. HP: 29/29 MP: 3/3
  1122 | D:2      | HP: 1/29 [gnoll/+2 whip of venom (8)]
  1122 | D:2      | Slain by a gnoll

Illustrated notes

Levels and vault maps discovered:
D:1:      saegor_arrival_simple_e, layout_loops_cross
D:2:      layout_basic, palyth_stone_intersect

Skill      XL: |  1  2 |
---------------+-------+-----
Long Blades    | 2 |  2.4
Throwing       | 1 |  1.1
Dodging        | 1 |  1.0
Fighting       | |  3.2
Armour         | |  2.6
Shields        | |  2.6

Action                   || total
-------------------------++-------
Melee: Long sword        ||    92
  Use: Scroll            ||     1
Armor: Scale mail        ||    40
Dodge: Dodged            ||    33
Block: Buckler           ||    20
